 Dungeon Sprint DCSS version 0.22-a0-422-g9628fc8 (webtiles) character file.

93 Kidiri the Sneak (level 4, -1/23 HPs)
             Began as a Spriggan Enchanter on May 23, 2018.
             Slain by a hippogriff (3 damage)
             ... in the Dungeon (Sprint II: "The Violet Keep of Menkaure").
             The game lasted 00:01:25 (465 turns).

Kidiri the Sneak (Spriggan Enchanter)                Turns: 465, Time: 00:01:26

Health: -1/23      AC:  2    Str:  4    XL:     4   Next: 36%
Magic:  4/12       EV: 21    Int: 16    God:
Gold:   243        SH:  0    Dex: 17    Spells: 1/13 levels left

rFire    . . .     SeeInvis +   a - +1 dagger
rCold    . . .     Gourm    .   (shield restricted)
rNeg     . . .     Faith    .   b - +0 robe
rPois    .         Spirit   .   (helmet restricted)
rElec    .         Reflect  .   (no cloak)
rCorr    .         Harm     .   (gloves unavailable)
MR       .....     NoTele   +   (boots unavailable)
Stlth    ++++......             (no amulet)
HPRegen  0.07/turn              (no ring)
MPRegen  0.13/turn              (no ring)

@: very slightly contaminated, very quick
A: very small, unfitting armour, see invisible, herbivore, speed 3, slow
metabolism 2
a: no special abilities


You were in the Dungeon.
You were not hungry.

You visited 1 branch You collected 243 gold pieces.

Inventory:

Hand Weapons
 a - a +1 dagger (weapon)
Armour
 b - a +0 robe (worn)
Potions
 e - a potion of curing
 f - a potion of heal wounds
 g - a potion of haste
 h - a potion of magic
Comestibles
 d - a ration


   Skills:
 + Level 1.8 Fighting
 * Level 4.0 Short Blades
 + Level 1.6 Armour
 * Level 6.0 Dodging
 * Level 7.2 Stealth
 * Level 5.1 Spellcasting
 + Level 4.8 Hexes


You had one spell level left.
You knew the following spells:

 Your Spells              Type           Power        Failure   Level  Hunger
a - Corona                Hex            ###....      1%          1    None
b - Ensorcelled Hibernat  Hex/Ice        ##....       9%          2    #......
c - Confuse               Hex            ###.....     6%          3    ###....
d - Tukima's Dance        Hex            ###.....     6%          3    ###....
e - Dazzling Spray        Conj/Hex       ##....       17%         3    ###....

Your spell library contained the following spells:

 Spells                   Type           Power        Failure   Level  Hunger


Dungeon Overview and Level Annotations

Branches:
Dungeon (1/1)

Altars:


Innate Abilities, Weirdness & Mutations

You are very small and have problems with some larger weapons.
You are too small for most types of armour.
You have supernaturally acute eyesight. (SInv)
You are a herbivore.
You cover ground extremely quickly.
You need to consume almost no food.


Message History

Aim: a hippogriff (lightly wounded, chance to defeat MR: 45%)
The hippogriff appears confused.
The hippogriff bites the hippogriff.
The hippogriff pecks the hippogriff.
The hippogriff claws the hippogriff.
Casting: Confuse (safe; 6% risk of failure)
Confirm with . or Enter, or press ? or * to list all spells.
Aiming: Dazzling Spray (safe; 17% risk of failure)
Press: ? - help, Shift-Dir - straight line, f/p - hippogriff
Aim: a hippogriff (lightly wounded, confused)
The spray of energy hits the hippogriff.
The hippogriff is lightly wounded.
The hippogriff is dazzled.
The hippogriff closely misses the hippogriff.
The hippogriff barely misses the hippogriff. x2
The hippogriff misses you. x2; The hippogriff barely misses you.
You strike the helpless hippogriff from behind!
You impale the hippogriff!!
The hippogriff is heavily wounded.
The hippogriff misses you. The hippogriff completely misses you.
The hippogriff claws you.
You die...

## ## ##.
.## nn nn
### .#. ##
##.#
#+###.#
#..###.##.#
+##@HH<.'##
#..###.##.#
##.# #+#
#.# ### ##


You could see 2 hippogriffs.

Vanquished Creatures
  4 worker ants (D)
4 creatures vanquished.

Vanquished Creatures (others)
  Menkaure (D)
1 creature vanquished.

Grand Total: 5 creatures vanquished

Notes
Turn   | Place    | Note
-------+----------+-------------------------------------------
     0 | D        | Kidiri the Spriggan Enchanter began the quest for the Orb.
     0 | D        | Reached XP level 1. HP: 9/9 MP: 5/5
     1 | D        | Noticed a necrophage
     1 | D        | Noticed a necrophage
     1 | D        | Noticed a necrophage
     1 | D        | Noticed a necrophage
     4 | D        | Noticed a worker ant
     4 | D        | Noticed a worker ant
     6 | D        | Noticed a worker ant
     6 | D        | Noticed a worker ant
     7 | D        | Killed a worker ant
     7 | D        | Reached skill level 1 in Fighting
     7 | D        | Reached skill level 5 in Stealth
     7 | D        | Reached XP level 2. HP: 14/14 MP: 5/7
     8 | D        | Reached skill level 1 in Armour
     8 | D        | Reached skill level 5 in Dodging
     8 | D        | Reached skill level 6 in Stealth
     8 | D        | Reached XP level 3. HP: 18/18 MP: 5/9
    17 | D        | Reached XP level 4. HP: 22/22 MP: 3/11
    21 | D        | Reached skill level 7 in Stealth
    21 | D        | Reached skill level 5 in Spellcasting
    33 | D        | Killed Menkaure
    37 | D        | Learned a level 2 spell: Ensorcelled Hibernation
    41 | D        | Learned a level 3 spell: Confuse
    45 | D        | Learned a level 3 spell: Tukima's Dance
    49 | D        | Learned a level 3 spell: Dazzling Spray
   139 | D        | Noticed a hippogriff
   139 | D        | Noticed a hippogriff
   144 | D        | HP: 1/23 [hippogriff (1)]
   465 | D        | Slain by a hippogriff

Vault maps used:
D:        the_violet_keep_of_menkaure

Skill      XL: |  1  2  3  4 |
---------------+-------------+-----
Fighting       | 1 |  1.8
Short Blades   | 2 3 4 |  4.0
Dodging        | 4 5 6 |  6.0
Stealth        | 5 6 7 |  7.2
Spellcasting   | 3 4 5 |  5.1
Hexes          | 4 |  4.8
Armour         | 1 |  1.6

Action                   |  1- 3 |  4- 6 || total
-------------------------+-------+-------++-------
Melee: Dagger            |     6 |     6 ||    12
 Cast: Corona            |     2 |       ||     2
       Confuse           |       |     3 ||     3
       Ensorcelled Hiber |       |     2 ||     2
       Dazzling Spray    |       |     2 ||     2
  Use: Potion            |     1 |     1 ||     2
       Scroll            |       |     1 ||     1
 Stab: Sleeping          |     2 |       ||     2
       Invisible         |       |     1 ||     1
Armor: Robe              |       |     2 ||     2
Dodge: Dodged            |     6 |    25 ||    31

Table legend:
 A = Spawn XP
 B = Non-spawn XP
 C = Spawn XP percentage of total XP
 D = Spawn monster count
 E = Non-spawn monster count
 F = Spawn count percentage of total count
 G = Total turns spent on level
                    A         B        C        D         E        F      G
               +---------+---------+-------+---------+---------+-------+---------
         Total |       0 |     133 |   0.0 |       0 |       4 |   0.0 |   465
               +---------+---------+-------+---------+---------+-------+---------
             D |       0 |     133 |   0.0 |       0 |       4 |   0.0 |   465
               +---------+---------+-------+---------+---------+-------+---------
